 Dungeon Crawl Stone Soup version 0.31-a0-1547-g618ab1f346 (webtiles) character file.

Game seed: 1723595671677787385

64141 RepoMan the Basher (level 15, -2/165 (175) HPs)
             Began as a Barachi Warper on Jan 2, 2024.
             Was a High Priest of Okawaru.
             Incinerated by a smoke demon (9 damage)
             ... with a pyre arrow
             ... on level 2 of the Orcish Mines.
             The game lasted 02:27:23 (22031 turns).

RepoMan the Basher (Barachi Warper)                Turns: 22031, Time: 02:27:24

HP:   -2/165 (175)  AC: 27    Str: 20    XL:     15   Next: 12%
MP:   7/7           EV:  2    Int: 13    God:    Okawaru [*****.]
Gold: 2050          SH: 17    Dex: 12    Spells: 8/20 levels left

rFire   . . .        a - +3 morningstar (antimagic)
rCold   + . .        U - +0 kite shield {reflect}
rNeg    . . .        N - melded +1 ring mail {Will+}
rPois   +            T - melded +2 hat {Will+}
rElec   .            (cloak currently unavailable)
rCorr   .            v - melded +2 pair of gloves
SInv    .            r - melded +0 pair of boots
Will    +....        q - amulet of reflection
Stlth   +            A - ring of protection from cold
HPRegen 0.47/turn    (no ring)
MPRegen 0.10/turn

%: reflection
@: on fire, tree-form, heroic, unable to hop, glowing, drained
A: stationary, stasis, torment immunity, boosted hp, (amphibious), (slowness 1),
(strong legs 2), +LOS
a: Renounce Religion, Heroism, Finesse, Duel


You were on level 2 of the Orcish Mines.
You worshipped Okawaru.
Okawaru was extremely pleased with you.
You were a tree.
You visited 4 branches of the dungeon, and saw 20 of its levels.
You also visited: Sewer, Bailey and Volcano.

You collected 2204 gold pieces.
You spent 154 gold pieces at shops.

Inventory:

Hand Weapons
 a - a +3 antimagic morningstar (weapon)
 f - a +4 flail of freezing
 w - a +7 broad axe
 F - a +5 demon trident
Missiles
 b - 5 silver javelins
 g - 7 boomerangs (quivered)
 t - 28 poisoned darts
 M - 13 javelins
 R - a throwing net
 S - 3 curare-tipped darts
 Y - 2 darts of dispersal
Armour
 r - a +0 pair of boots (melded)
 u - a +2 leather armour of cold resistance
 v - a +2 pair of gloves (melded)
 N - a +1 ring mail of willpower (melded)
 O - +0 swamp dragon scales
 T - a +2 hat of willpower (melded)
 U - a +0 kite shield of reflection (worn)
 W - a +2 chain mail of fire resistance
 X - a +1 scale mail of fire resistance
Jewellery
 q - an amulet of reflection (around neck)
 A - a ring of protection from cold (left branch)
Wands
 I - a wand of mindburst (10)
 K - a wand of acid (2)
 L - a wand of digging (4)
Scrolls
 c - 5 scrolls of blinking
 e - 3 scrolls of immolation
 h - 6 scrolls of teleportation
 k - 5 scrolls of enchant armour
 m - 2 scrolls of amnesia
 s - 3 scrolls of poison
 y - 3 scrolls of vulnerability
 C - a scroll of enchant weapon
 G - 3 scrolls of fog
 H - 5 scrolls of fear
Potions
 j - 6 potions of curing
 l - a potion of lignification
 n - 11 potions of ambrosia
 o - 4 potions of might
 p - 5 potions of haste
 x - 2 potions of invisibility
 z - 3 potions of mutation
 B - 3 potions of enlightenment
 D - 2 potions of resistance
 E - 7 potions of cancellation
 J - a potion of berserk rage {unknown}
 P - a potion of magic {unknown}
 Q - a potion of experience
 V - 2 potions of brilliance
Miscellaneous
 d - a condenser vane (inert)
 Z - a lightning rod (1/4)


   Skills:
 + Level 10.4(15.4) Fighting
 * Level 11.0(18.8) Axes
 - Level 13.5(20.1) Maces & Flails
 + Level 8.8(13.8) Throwing
 + Level 9.3(14.3) Armour
 - Level 3.3(8.3) Dodging
 * Level 8.2(13.2) Shields
 - Level 3.3 Spellcasting
 + Level 10.2 Translocations
 - Level 3.3 Air Magic
 + Level 9.4 Invocations


You had 8 spell levels left.
You knew the following spells:

 Your Spells              Type           Power      Damage    Failure   Level
a - Manifold Assault      Tloc           28%        N/A       5%          4
b - Blink                 Tloc           56%        N/A       1%          2
l - Lesser Beckoning      Tloc           56%        N/A       1%          2
v - Vhi's Electric Charg  Tloc/Air       38%        N/A       24%         4

Your spell library contained the following spells:

 Spells                   Type           Power      Damage    Failure   Level
 Teleport Other           Tloc           28%        N/A       1%          3
 Magic Dart               Conj           8%         1d3       36%         1
 Slow                     Hex            8%         N/A       36%         1
 Scorch                   Fire           4%         2d5       50%         2
 Confusing Touch          Hex            2%         N/A       75%         3
 Sigil of Binding         Hex            2%         N/A       75%         3
 Vampiric Draining        Necr           2%         2d6       75%         3
 Anguish                  Hex/Necr       1%         N/A       98%         4
 Cause Fear               Hex            1%         N/A       98%         4
 Flame Wave               Conj/Fire      2%         2d4       98%         4
 Leda's Liquefaction      Alch/Erth      1%         N/A       98%         4
 Lee's Rapid Deconstruct  Erth           1%         3d4*      100%        5
 Bombard                  Conj/Erth      1%         9d1       100%        6
 Enfeeble                 Hex            1%         N/A       100%        7
 Call Imp                 Summ           Unusable   N/A       N/A         2
 Summon Cactus Giant      Summ           Unusable   N/A       N/A         6

Dungeon Overview and Level Annotations

Branches:
Dungeon (12/15)            Temple (1/1) D:4            Lair (5/5) D:9
 Shoals (0/4) Lair:2       Spider (0/4) Lair:2        Slime (0/5) Lair:4
    Orc (2/2) D:9             Elf (0/3) Orc:2         Sewer (visited)
 Bailey (visited)         Volcano (visited)

Altars:
Ashenzari
Cheibriados
Dithmenos
Elyvilon
Fedhas
Gozag
Hepliaklqana
Kikubaaqudgha
Makhleb
Nemelex Xobeh
Okawaru
Qazlal
Ru
Sif Muna
Trog
Uskayaw
Vehumet
Wu Jian
Xom
Yredelemnul
Zin
The Shining One
Jiyva

Shops:
D:1 (   D:9 ([   D:10 =   Orc:2 *

Annotations:
D:5 2 transporters, haldagan's ghost, amateur DsSh
Lair:3 exclusion: oklob plant
Lair:4 1 runed translucent door


Innate Abilities, Weirdness & Mutations

You are a tree.
Your roots penetrate the ground, keeping you stationary.
You cannot be teleported.
You are immune to unholy pain and torment.
Your maximum health is greatly increased.
Your equipment is partially melded.
((You are amphibious.))
((You cover ground slowly.))
((You can hop long distances.))
You have an extended range of vision and can be seen from far away.


Message History

You block the smoke demon's attack. The smoke demon misses you.
You block the smoke demon's attack.
Hop to where?
Press: ? - help, Dir - move target Boing!
You shake off some of the fire as you move.
The liquid fire burns you!
A magic dart appears from out of thin air!
The magic dart hits you but does no damage.
You shake off some of the fire as you move.
The liquid fire burns you!
* * * LOW HITPOINT WARNING * * *
You shake off the liquid fire.
The orc sorcerer's magic is no longer disrupted.
The smoke demon gestures at you. The pyre arrow hits you.
You are covered in intense liquid fire!
The orc sorcerer casts a spell at you. The bolt of negative energy hits you!!
You feel drained.
* * * LOW HITPOINT WARNING * * *
You feel much better. The liquid fire burns you!
* * * LOW HITPOINT WARNING * * *
Blink to where?
Press: ? - help, Dir - move target
As you read the scroll of blinking, it crumbles to dust.
The liquid fire burns you!
* * * LOW HITPOINT WARNING * * *
You shake off some of the fire as you move.
The liquid fire burns you!
* * * LOW HITPOINT WARNING * * *
Okay, then.
You turn into a tree.
Your +2 hat of willpower melds into your body.
Your +2 pair of gloves melds into your body.
Your +0 pair of boots melds into your body.
Your +1 ring mail of willpower melds into your body.
You feel less strong-willed. x2; Your roots penetrate the ground.
The liquid fire burns you!
You die...

.)..o..§.............##
#..{3.................#
##...................##
###..............#....#
.##........#.#..#....##
))........#...#.......#
............∩.........#
..........#...#......##
...........#.#..♣.....#
............[[...))[..#
............[#........#
..................)...#
.#....................#
......................#
......#...............#
.....###..............#
.......###.....#......#


There were no monsters in sight!

Vanquished Creatures
  Jorgrun (Orc:2)
  Gastronok (D:11)
  Donald (Orc:2)
  An orc warlord (Bailey)
  An ettin (Orc:1)
  Fannar (Lair:2)
  Harold (D:10)
  A merfolk avatar (Lair:5)
  4 hydras
  An ogre mage (Orc:2)
  3 boulder beetles
  A catoblepas (Lair:5)
  5 two-headed ogres
  6 death yaks (Lair:1)
  Urug (Lair:5)
  A hell hog (Volcano)
  A sun demon (D:10)
  2 skysharks (Lair:4)
  A fire crab (Volcano)
  A sea snake (Lair:5)
  A sixfirhy (D:10)
  A lindwurm (Lair:2)
  Pikel (D:7)
  An ugly thing (D:11)
  4 orc sorcerers (Orc:2)
  A manticore (Lair:5)
  2 cyclopes
  Maurice (D:7)
  2 elephants (Lair:5)
  6 black mambas
  2 kobold blastminers
  2 molten gargoyles (Volcano)
  An orange demon (D:10)
  A rust devil (D:10)
  An unseen horror (D:10)
  10 cane toads
  Maggie (D:8)
  4 rime drakes
  Jeremiah (D:7)
  8 komodo dragons
  3 polar bears
  A queen bee (Lair:3)
  5 trolls
  20 blink frogs
  6 dream sheep
  A snapping turtle (Lair:2)
  A water elemental (Lair:2)
  5 wyverns
  A ynoxinul (D:10)
  A warg (Orc:2)
  4 basilisks
  8 fire bats (Volcano)
  29 yaks
  6 vampire mosquitoes
  5 steam dragons
  16 water moccasins
  14 orc warriors
  An ice beast (D:5)
  3 black bears
  A crocodile (Sewer)
  10 ogres
  4 centaurs
  3 wolves (Lair:4)
  2 lemures (D:7)
  6 kobold brigands
  12 bullfrogs
  9 scorpions
  A gnoll sergeant (D:10)
  16 wights
  31 killer bees
  An electric eel (Lair:2)
  7 howler monkeys
  4 lava snakes (Volcano)
  8 hounds
  2 jellies (D:7)
  2 bombardier beetles
  2 gnoll boudas
  7 orc priests
  6 iguanas
  Natasha (thrice) (D:3)
  17 orc wizards
  15 gnolls
  10 adders
  3 river rats (Sewer)
  A white imp (D:6)
  2 ufetubi (D:6)
  5 dart slugs
  4 ribbon worms
  55 orcs
  18 ball pythons
  12 endoplasms
  9 giant cockroaches
  5 goblins
  7 hobgoblins
  8 jackals
  5 quokkas
  5 bats
  13 frilled lizards
  24 kobolds
  8 rats
  2 butterflies (Lair:3)
581 creatures vanquished.

Vanquished Creatures (others)
  An orc wizard (Orc:2)
1 creature vanquished.

Grand Total: 582 creatures vanquished

Notes
Turn   | Place    | Note
-------+----------+-------------------------------------------
     0 | D:1      | RepoMan the Barachi Warper began the quest for the Orb.
     0 | D:1      | Reached XP level 1. HP: 17/17 MP: 3/3
    49 | D:1      | Reached skill level 3 in Maces & Flails
    49 | D:1      | Reached XP level 2. HP: 18/23 MP: 5/5
    83 | D:1      | Learned a level 2 spell: Blink
    86 | D:1      | Learned a level 2 spell: Lesser Beckoning
   238 | D:1      | Reached XP level 3. HP: 28/28 MP: 6/6
   309 | D:1      | Found Ycwen's Antique Weapon Shop.
   735 | D:2      | Reached XP level 4. HP: 22/34 MP: 7/7
   877 | D:2      | Reached skill level 4 in Maces & Flails
  1719 | D:2      | Reached XP level 5. HP: 29/41 MP: 8/8
  2161 | D:1      | Bought a runed morningstar for 154 gold pieces
  2678 | D:3      | Noticed Natasha
  2686 | D:3      | Killed Natasha
  2789 | D:3      | Noticed Natasha
  2796 | D:3      | Killed Natasha
  2827 | D:3      | Noticed Natasha
  2838 | D:3      | Killed Natasha
  2839 | D:3      | Reached skill level 5 in Maces & Flails
  3005 | D:3      | Reached XP level 6. HP: 32/48 MP: 3/9
  3641 | D:4      | Reached XP level 7. HP: 49/55 MP: 3/10
  3677 | D:4      | Reached skill level 6 in Maces & Flails
  3788 | D:4      | Found a staircase to the Ecumenical Temple.
  3796 | Temple   | Entered the Ecumenical Temple
  3868 | Temple   | Became a worshipper of Warmaster Okawaru
  4033 | D:5      | Entered Level 5 of the Dungeon
  4039 | D:5      | Reached skill level 5 in Translocations
  4093 | D:5      | Found a transporter.
  4093 | D:5      | Found a transporter.
  4100 | D:5      | Noticed haldagan's ghost (amateur DsSh)
  4156 | D:5      | Reached skill level 7 in Maces & Flails
  4812 | D:6      | Reached XP level 8. HP: 61/61 MP: 3/11
  4814 | D:6      | Found a hazy altar of Hepliaklqana.
  4905 | D:6      | Reached * piety under Okawaru
  5029 | D:6      | Found a glowing drain.
  5042 | D:6      | Reached skill level 8 in Maces & Flails
  5063 | Sewer    | Entered a sewer
  5220 | Sewer    | Reached skill level 1 in Invocations
  5478 | D:6      | Reached skill level 9 in Maces & Flails
  5615 | D:6      | Reached XP level 9. HP: 41/66 MP: 4/12
  6447 | D:7      | Noticed Jeremiah
  6464 | D:7      | Killed Jeremiah
  6464 | D:7      | Reached ** piety under Okawaru
  6465 | D:7      | Reached skill level 10 in Maces & Flails
  6490 | D:7      | Found a bloodstained altar of Trog.
  6795 | D:7      | Reached skill level 11 in Maces & Flails
  6845 | D:7      | Found an ancient bone altar of Kikubaaqudgha.
  6912 | D:7      | Noticed Pikel
  6913 | D:7      | Noticed Maurice
  6922 | D:7      | Killed Maurice
  6922 | D:7      | Reached *** piety under Okawaru
  6923 | D:7      | Reached skill level 5 in Invocations
  6923 | D:7      | Reached XP level 10. HP: 73/73 MP: 3/13
  6932 | D:7      | Killed Pikel
  6933 | D:7      | Reached skill level 12 in Maces & Flails
  7228 | D:8      | Noticed Maggie
  7244 | D:8      | Killed Maggie
  7671 | D:8      | Reached **** piety under Okawaru
  8105 | D:8      | Reached skill level 13 in Maces & Flails
  8362 | D:8      | Found a radiant altar of Vehumet.
  8537 | D:9      | Found Iveakh's Weapon Shoppe.
  8541 | D:9      | Found a staircase to the Orcish Mines.
  8551 | D:9      | Found Ubekekloa's Armour Shoppe.
  8551 | D:9      | Noticed a six-headed hydra
  8630 | D:9      | Noticed a two-headed ogre
  8647 | D:9      | Killed a two-headed ogre
  8648 | D:9      | Reached skill level 5 in Fighting
  8698 | D:9      | Found a flagged portal.
  8707 | Bailey   | Entered a bailey
  8781 | Bailey   | Noticed an orc warlord
  8879 | Bailey   | Found a runed translucent gate.
  8881 | Bailey   | Found a runed translucent gate.
  8883 | Bailey   | Found a runed translucent gate.
  9114 | Bailey   | Killed an orc warlord
  9114 | Bailey   | Reached ***** piety under Okawaru
  9115 | Bailey   | Reached XP level 11. HP: 20/80 MP: 5/15
  9311 | D:9      | Reached skill level 1 in Axes
  9450 | D:9      | Found a white marble altar of Elyvilon.
  9469 | D:9      | Found a staircase to the Lair.
  9524 | D:9      | Received a gift from Okawaru
  9791 | D:9      | Reached skill level 5 in Throwing
  9830 | D:9      | Killed a six-headed hydra
  9943 | D:10     | Entered Level 10 of the Dungeon
  9949 | D:10     | Found Kaafeg's Jewellery Emporium.
 10092 | D:10     | Noticed a two-headed ogre
 10107 | D:10     | Killed a two-headed ogre
 10183 | D:10     | Noticed a two-headed ogre
 10196 | D:10     | Killed a two-headed ogre
 10201 | D:10     | Noticed a sixfirhy
 10214 | D:10     | Killed a sixfirhy
 10649 | D:10     | Noticed Harold
 10665 | D:10     | Killed Harold
 10702 | D:10     | Received a gift from Okawaru
 10713 | D:10     | Reached skill level 5 in Armour
 10834 | D:10     | Noticed a two-headed ogre
 10848 | D:10     | Killed a two-headed ogre
 10849 | D:10     | Reached skill level 5 in Axes
 10849 | D:10     | Reached XP level 12. HP: 77/91 MP: 17/17
 11165 | D:10     | Noticed a sun demon
 11177 | D:10     | Killed a sun demon
 11490 | D:10     | Learned a level 4 spell: Manifold Assault
 11495 | D:10     | Learned a level 4 spell: Vhi's Electric Charge
 11606 | D:11     | Noticed a two-headed ogre
 11622 | D:11     | Killed a two-headed ogre
 11680 | D:11     | Noticed Gastronok
 11712 | D:11     | Killed Gastronok
 11713 | D:11     | Reached skill level 1 in Air Magic
 11775 | D:11     | Noticed a boulder beetle
 11785 | D:11     | Killed a boulder beetle
 13009 | D:12     | Noticed a boulder beetle
 13027 | D:12     | Killed a boulder beetle
 13259 | D:12     | Identified the +7 great sword "Hiaf Ovu" {heavy, Will+}
 13451 | Lair:1   | Entered Level 1 of the Lair of Beasts
 13728 | Lair:1   | Reached skill level 1 in Shields
 13952 | Lair:1   | Noticed a death yak
 13952 | Lair:1   | Noticed a death yak
 13953 | Lair:1   | Noticed a death yak
 13953 | Lair:1   | Noticed a death yak
 13953 | Lair:1   | Noticed a death yak
 13965 | Lair:1   | Noticed a death yak
 13972 | Lair:1   | Killed a death yak
 13973 | Lair:1   | Gained mutation: You can hop long distances. [Barachi
                  | growth]
 13973 | Lair:1   | Reached XP level 13. HP: 98/98 MP: 11/19
 14046 | Lair:1   | Received a gift from Okawaru
 14537 | Lair:2   | Found a hole to the Spider Nest.
 14606 | Lair:2   | Found a dark tunnel.
 14776 | Volcano  | Entered a volcano
 14838 | Volcano  | Found a radiant altar of Vehumet.
 15370 | Lair:2   | Found a staircase to the Shoals.
 15518 | Lair:2   | Noticed Fannar
 15529 | Lair:2   | Killed Fannar
 15530 | Lair:2   | Reached skill level 5 in Shields
 16205 | Lair:3   | Found a blossoming altar of Fedhas.
 16552 | Lair:3   | Reached XP level 14. HP: 108/108 MP: 20/20
 17862 | Lair:4   | Found a runed translucent door.
 17862 | Lair:4   | Found a viscous altar of Jiyva.
 17862 | Lair:4   | Noticed an azure jelly
 17863 | Lair:4   | Found a staircase to the Slime Pits.
 17863 | Lair:4   | Noticed an azure jelly
 18542 | Lair:5   | Entered Level 5 of the Lair of Beasts
 18557 | Lair:5   | Received a gift from Okawaru
 18568 | Lair:5   | Reached skill level 10 in Axes
 19169 | Lair:5   | Identified the +7 quarterstaff "Gafuprer" {venom, Str+2}
 19225 | Lair:5   | Reached skill level 10 in Fighting
 19305 | Lair:5   | Noticed Urug
 19321 | Lair:5   | Killed Urug
 20259 | Orc:1    | Entered Level 1 of the Orcish Mines
 20351 | Orc:2    | Entered Level 2 of the Orcish Mines
 20358 | Orc:2    | Noticed Jorgrun
 20383 | Orc:2    | Killed Jorgrun
 20402 | Orc:2    | Found a staircase to the Elven Halls.
 20566 | Orc:2    | Reached skill level 10 in Translocations
 21223 | Orc:2    | Noticed Donald
 21229 | Orc:2    | Killed Donald
 21229 | Orc:2    | Received a gift from Okawaru
 21230 | Orc:2    | Reached XP level 15. HP: 115/115 MP: 21/21
 21352 | Orc:2    | Found Viecvaji's Overcharged Wands.
 22030 | Orc:2    | HP: 4/110 [burnt (15)]
 22031 | Orc:2    | Incinerated by a smoke demon

Illustrated notes

Levels and vault maps discovered:
D:1:      ebering_hopf_link, layout_basic, serial_shops, shop,
          minmay_lizard_pond
D:2:      layout_basic, minmay_shallow_snake_nest
D:3:      layout_loops_ring, kennysheep_boxes, uniq_natasha
D:4:      layout_basic, minmay_temple_entry_glassed_door
D:5:      layout_loops_ring, gammafunk_ghost_smash
D:6:      layout_gridville, lemuel_crystal_altar, gup_sewer_entry_bubbles,
          serial_glass, glass_columns_a, glass_columns_a
D:7:      layout_loops_ring, kiku_gazebo_garden_becter, trog_butcher_becter,
          uniq_maurice, uniq_jeremiah, uniq_pikel
D:8:      layout_loops_ring, lemuel_tele_altar, uniq_maggie
D:9:      layout_roguey, elyvilon_altar_4, lair_entry_dummy, orc_david_3,
          enter_bailey_2
D:10:     minmay_general_purpose_star, layout_cave_pods, serial_demonic,
          serial_demonic_f, serial_demonic_f, serial_demonic_d,
          serial_demonic_c, serial_shops, shop, nicolae_eternal_life,
          uniq_harold
D:11:     layout_basic, uniq_gastronok
D:12:     layout_irregular_city
Temple:   minmay_temple_bridge_d
Lair:1:   layout_cave_shapes, beast_lair_carwin_5
Lair:2:   layout_cellular_growth, minmay_shoals_entry_hut,
          nicolae_spider_entry_non_spiders, nicolae_volcano_entry_vermiform,
          serial_forest, infiniplex_forest_clump_double,
          infiniplex_forest_clump_small, infiniplex_forest_corner_1,
          infiniplex_forest_lined_2, infiniplex_forest_lined_2,
          infiniplex_forest_clump_small, infiniplex_forest_straight_5,
          infiniplex_forest_lined_2, infiniplex_forest_lined_corner, uniq_fannar
Lair:3:   layout_layer_cave, basic_altar, special_room [special_room_bee],
          lemuel_fruit_fields
Lair:4:   layout_regular_city, slime_entry_2, small_statue_intersection,
          infiniplex_staircase_pool_2, grunt_megastairs_2
Lair:5:   gammafunk_lair_ancient_temple, layout_cave_pods, uniq_urug
Orc:1:    layout_diamond_mine
Orc:2:    kennysheep_orc_mage_school, layout_caves,
          nicolae_shop_overcharged_wands, uniq_donald, uniq_jorgrun

Skill      XL: |  1  2  3  4  5  6  7  8  9 10 11 12 13 14 15 |
---------------+----------------------------------------------+-----
Maces & Flails | 3 4 5 7 9 11 13 | 13.5
Fighting       | 3 4 5 7 8 9 10 | 10.4
Throwing       | 2 4 6 7 8 |  8.8
Translocations | 4 5 6 7 8 9 10 | 10.2
Invocations    | 2 5 6 7 8 9 |  9.4
Armour         | 3 5 6 8 9 |  9.3
Dodging        | 3 |  3.3
Axes           | 5 7 9 10 11 | 11.0
Air Magic      | 2 3 |  3.3
Shields        | 1 5 8 |  8.2
Spellcasting   | 3 |  3.3

Action                     |  1- 3 |  4- 6 |  7- 9 | 10-12 | 13-15 || total
---------------------------+-------+-------+-------+-------+-------++-------
  Melee: Mace              |    92 |       |       |       |       ||    92
         Punch             |     2 |     1 |     2 |     7 |       ||    12
         Quarterstaff      |    30 |   110 |       |       |       ||   140
         Morningstar       |       |   151 |   244 |   153 |    17 ||   565
         Flail             |       |       |       |    12 |    12 ||    24
         Broad axe         |       |       |       |   234 |   650 ||   884
  Throw: Stone             |       |    22 |    50 |       |       ||    72
         Javelin           |       |       |    81 |    81 |    14 ||   176
         Dart              |       |       |     5 |    21 |    39 ||    65
         Boomerang         |       |       |       |   176 |   212 ||   388
         Throwing net      |       |       |       |     2 |     6 ||     8
   Cast: Blink             |       |       |     2 |     4 |     1 ||     7
         Manifold Assault  |       |       |       |       |     1 ||     1
 Invoke: Heroism           |       |       |     2 |    14 |    16 ||    32
         Finesse           |       |       |       |     4 |     1 ||     5
Ability: Hop               |     1 |       |     4 |    20 |     9 ||    34
  Evoke: Wand              |       |       |       |     9 |    34 ||    43
         Lightning rod     |       |       |       |       |     4 ||     4
         Condenser vane    |       |       |       |       |     1 ||     1
    Use: Scroll            |       |       |    11 |     6 |    11 ||    28
         Potion            |       |       |     3 |     9 |     5 ||    17
   Stab: Distracted        |       |     1 |       |       |       ||     1
         Invisible         |       |       |       |     1 |       ||     1
         Held in net/web   |       |       |       |     1 |     4 ||     5
         Sleeping          |       |       |       |       |     1 ||     1
         Petrified         |       |       |       |       |     4 ||     4
 Armour: Leather armour    |    53 |   102 |   162 |     9 |       ||   326
         Chain mail        |       |    74 |       |       |       ||    74
         Steam dragon scal |       |       |       |   247 |    42 ||   289
         Scale mail        |       |       |       |       |   223 ||   223
         Ring mail         |       |       |       |       |    69 ||    69
  Dodge: Dodged            |    70 |   142 |   137 |   214 |   175 ||   738
  Block: Other             |       |    48 |    42 |    71 |       ||   161
         Reflection        |       |       |       |     4 |    10 ||    14
         Kite shield       |       |       |       |    14 |   471 ||   485

Table legend: (Time is in decaauts)
 A = Elapsed time spent in this place.
 B = Non-inter-level travel time spent in this place.
 C = Inter-level travel time spent in this place.
 D = Time resting spent in this place.
 E = Time spent auto-exploring this place.
 F = Levels seen in this place.
 G = Mean time per level.
                   A        B        C        D        E       F      G
               +--------+--------+--------+--------+--------+-----+--------+
         Total |  24758 |  23441 |   1317 |   4030 |  10838 |  23 | 1076.4 |
       Dungeon |  14315 |  13552 |    763 |   1972 |   7066 |  12 | 1192.9 |
        Temple |    173 |      3 |    170 |      0 |      0 |   1 |  173.0 |
          Lair |   6926 |   6594 |    332 |   1280 |   3332 |   5 | 1385.2 |
  Orcish Mines |   1941 |   1890 |     51 |    533 |    435 |   2 |  970.5 |
         Sewer |    411 |    411 |      0 |     42 |      4 |   1 |  411.0 |
        Bailey |    600 |    600 |      0 |     99 |      0 |   1 |  600.0 |
       Volcano |    390 |    390 |      0 |    103 |      0 |   1 |  390.0 |
               +--------+--------+--------+--------+--------+-----+--------+

Top non-repeatable levels by time:
    D:10: 2173 daAuts
  Lair:5: 1753 daAuts
  Lair:3: 1669 daAuts
  Lair:2: 1530 daAuts
     D:2: 1527 daAuts
     D:6: 1374 daAuts
     D:8: 1328 daAuts
   Orc:2: 1295 daAuts
     D:3: 1207 daAuts
     D:9: 1150 daAuts
     D:7: 1102 daAuts
  Lair:4: 1023 daAuts
    D:11: 988 daAuts
  Lair:1: 950 daAuts
     D:4: 917 daAuts
